 Dungeon Sprint DCSS version 0.28.0-47-ge53b351184 (webtiles) character file.

Game seed: 10372326477160930480

109 browni3141 the Fighter (level 4, -2/63 HPs)
             Began as an Ogre Berserker on May 4, 2022.
             Was a Priest of Trog.
             Succumbed to a scorpion's poison
             ... in the Dungeon (Sprint IX: "|||||||||||||||||||||||||||||").
             The game lasted 00:00:40 (134 turns).

browni3141 the Fighter (Ogre Berserker)              Turns: 134, Time: 00:00:40

Health: -2/63      AC:  3    Str: 23    XL:     4   Next: 90%
Magic:  4/4        EV: 10    Int:  8    God:    Trog [***...]
Gold:   0          SH:  0    Dex:  8    Spells: 3/3 levels left

rFire   . . .      SeeInvis .   a - +0 mace
rCold   . . .      Faith    .   (no shield)
rNeg    . . .      Spirit   .   b - +0 animal skin
rPois   .          Reflect  .   (helmet restricted)
rElec   .          Harm     .   (no cloak)
rCorr   .          Rampage  .   (gloves unavailable)
Will    .....      NoTele   +   (boots unavailable)
Stlth   +.........              (no amulet)
HPRegen 0.20/turn               (no ring)
MPRegen 0.09/turn               (no ring)

@: lethally poisoned (-2 -> -12), on berserk cooldown, slowed, very slow
A: large, unfitting armour, tough skin 1
a: Renounce Religion, Berserk, Trog's Hand


You were in the Dungeon.
You worshipped Trog.
Trog was most pleased with you.
You visited 1 branch


Innate Abilities, Weirdness & Mutations

You are too large for most types of armour.
You have tough skin. (AC +1)


   Skills:
 * Level 10.6 Fighting
 + Level 5.5 Maces & Flails
 - Level 2.6 Dodging


You had 3 spell levels left.
You didn't know any spells.
Your spell library was empty.

Inventory:

Hand Weapons
 a - a +0 mace (weapon)
Armour
 b - a +0 animal skin (worn)
Scrolls
 h - a scroll of blinking {@r3}
Potions
 e - a potion of haste {@q3}
 f - 2 potions of magic
 g - a potion of berserk rage {!q}

Dungeon Overview and Level Annotations

Branches:
Dungeon (1/1)

Altars:
¦¦¦¦¦¦¦¦¦¦¦¦¦¦¦¦¦¦ +....os.@..))...<¦ ¦¦¦¦¦¦¦¦¦¦¦¦¦¦¦¦¦¦

You could see a scorpion and an orc.


Message History

Unknown command.
You feel better. The scorpion stings you.
* * * LOW HITPOINT WARNING * * *
You are poisoned.
The scorpion poisons you! The scorpion stings you.
* * * LOW HITPOINT WARNING * * *
You closely miss the scorpion.
The scorpion is heavily wounded.
You feel very sick. The scorpion stings you!
* * * LOW HITPOINT WARNING * * *
The scorpion completely misses you.
You closely miss the scorpion.
The scorpion is heavily wounded.
* * * LOW HITPOINT WARNING * * *
You feel very sick.
The scorpion stings you but does no damage. x2
You hit the scorpion but do no damage.
The scorpion is heavily wounded.
* * * LOW HITPOINT WARNING * * *
You feel sick. The scorpion barely misses you. The scorpion stings you.
* * * LOW HITPOINT WARNING * * *
You are more poisoned.
The scorpion poisons you!
Unknown command.
You are too injured to fight recklessly!
You are too injured to fight recklessly!
You are too injured to fight recklessly!
Okay, then.
You die...

Skill      XL: |  1  2 |
---------------+-------+-----
Maces & Flails | 3 5 |  5.5
Fighting       | 5 10 | 10.6
Dodging        | |  2.6

Action                   |  1- 3 |  4- 6 || total
-------------------------+-------+-------++-------
Melee: Mace              |    27 |     7 ||    34
Invok: Berserk           |     1 |       ||     1
  Use: Potion            |     1 |     1 ||     2
Armor: Animal skin       |     5 |     3 ||     8
Dodge: Dodged            |     8 |     4 ||    12

Levels and vault maps discovered:
D:        linesprint [early_d, line_temple, items_1, d_10, items_2, lair_1,
          lair_end, items_3, orc_1, orc_end, items_4, d_15, swamp_1, shoals_1,
          snake_1, spider_1, d_20, vaults_1, items_5, swamp_end, shoals_end,
          snake_end, spider_end, vaults_end, d_27, items_6, zot_1, zot_end,
          crypt_end, forest_end, elf_end, slime_end, tomb_end, abyss_end,
          pan_hell_end]

Notes
Turn   | Place    | Note
-------+----------+-------------------------------------------
     0 | D        | browni3141 the Ogre Berserker began the quest for the Orb.
     0 | D        | Reached XP level 1. HP: 24/24 MP: 1/1
     6 | D        | Reached skill level 3 in Maces & Flails
     7 | D        | Reached ** piety under Trog
     8 | D        | Reached skill level 5 in Fighting
   105 | D        | Noticed a scorpion
   105 | D        | Noticed a sky beast
   109 | D        | Reached XP level 2. HP: 36/36 MP: 2/2
   116 | D        | Reached *** piety under Trog
   117 | D        | Reached skill level 6 in Fighting
   125 | D        | Killed a sky beast
   126 | D        | Reached skill level 10 in Fighting
   126 | D        | Reached skill level 5 in Maces & Flails
   126 | D        | Reached XP level 3. HP: 37/54 MP: 3/3
   126 | D        | Reached XP level 4. HP: 43/63 MP: 4/4
   132 | D        | HP: 5/63 [poisoned by a scorpion]
   133 | D        | HP: 1/63 [scorpion (3)]
   134 | D        | Succumbed to a scorpion's poison

Vanquished Creatures
  A sky beast (D)
  An adder (D)
  An orc (D)
  An endoplasm (D)
  2 goblins (D)
  A kobold (D)
  A ball python (D)
8 creatures vanquished.

Table legend: (Time is in decaauts)
 A = Elapsed time spent in this place.
 B = Non-inter-level travel time spent in this place.
 C = Inter-level travel time spent in this place.
 D = Time resting spent in this place.
 E = Time spent auto-exploring this place.
 F = Levels seen in this place.
 G = Mean time per level.
                   A        B        C        D        E       F      G
               +--------+--------+--------+--------+--------+-----+--------+
         Total |    141 |    141 |      0 |     86 |      3 |   1 |  141.0 |
       Dungeon |    141 |    141 |      0 |     86 |      3 |   1 |  141.0 |
               +--------+--------+--------+--------+--------+-----+--------+

Top non-repeatable levels by time:
       D: 141 daAuts

Table legend:
 A = Non-vault XP
 B = Vault XP
 C = Vault XP percentage of total XP
 D = Non-vault monster count
 E = Vault monster count
 F = Vault count percentage of total count
                 A         B        C        D         E       F
            +---------+---------+-------+---------+---------+-------
      Total |       0 |     157 | 100.0 |       0 |       8 | 100.0
            +---------+---------+-------+---------+---------+-------
          D |       0 |     157 | 100.0 |       0 |       8 | 100.0
            +---------+---------+-------+---------+---------+-------
